Avalanche vs Blues
Created - January 29, 2025 at 19:02
Goals
|
| Avalanche |
1 |
0 |
3 |
1 |
5 |
| Blues |
0 |
3 |
1 |
0 |
4 |
|
Shots
|
| Avalanche |
9 |
5 |
10 |
1 |
25 |
| Blues |
8 |
14 |
6 |
0 |
28 |
|
1st period
1. Avalanche , Andrei Kuzmenko 17 (Jack Johnson 6) at 4:23
Penalties :
Andrei Kuzmenko (Col) for Tripping (Minor) at 1:21, David Perron (Stl) for Tripping (Minor) at 5:32
2nd period
2. Blues , Seth Jones 7 (Ethan Bear 8, Filip Forsberg 31) at 11:42 (PP)
3. Blues , Seth Jones 8 (Travis Sanheim 8) at 12:34
4. Blues , Filip Forsberg 21 (Nathan MacKinnon 33) at 16:34 (PP)
Penalties :
Vincent Trocheck (Stl) for Roughing (Minor) at 4:33, Bryan Little (Col) for Hooking (Minor) at 11:03, Rickard Rakell (Col) for Holding (Minor) at 16:27
3rd period
5. Blues , Nikolaj Ehlers 10 (Sean Monahan 12, Travis Sanheim 9) at 3:09 (PP)
6. Avalanche , Nick Cousins 15 (Bryan Little 23, Kyle Clifford 25) at 8:22
7. Avalanche , Patric Hornqvist 9 (Ryan O'Reilly 15, Drake Caggiula 3) at 11:27
8. Avalanche , Patric Hornqvist 10 (Jean-Gabriel Pageau 25, David Rundblad 9) at 19:21
Penalties :
Nathan MacKinnon (Stl) for Hooking (Minor) at 0:24, Patric Hornqvist (Col) for Tripping (Minor) at 2:32, Rickard Rakell (Col) for Tripping (Minor) at 3:41, Drake Caggiula (Col) for Slashing (Minor) at 9:18, Filip Forsberg (Stl) for Cross-checking (Minor) at 14:35
Overtime #1
9. Avalanche , Patric Hornqvist 11 (Kyle Clifford 26, Rickard Rakell 24) at 3:27
Penalties :
No Penalty
Goalie Stats
Robin Lehner (Col), 24 saves from 28 shots - (0.857), W, 16-14-2, 63:05 minutes
Carey Price (Stl), 20 saves from 25 shots - (0.800), OTL, 18-10-1, 63:27 minutes
Players Stats for Avalanche
Player Name G A P +/- PIM S H SB GA TA FO MP PP MP PK MP
------------------------------------------------------------------------------------
Andrei Kuzmenko 1 0 1 1 2 3 0 0 3 0 0/1 17:05 3:59 0:00
Anthony Duclair 0 0 0 0 0 0 1 0 0 0 1/1 11:27 0:00 0:07
Bryan Little 0 1 1 1 2 3 0 0 0 1 8/17 17:26 3:59 0:07
David Rundblad 0 1 1 3 0 1 2 0 1 0 0/0 20:51 3:34 2:37
Drake Caggiula 0 1 1 1 2 1 0 1 0 0 2/2 8:34 0:00 0:00
Erik Karlsson 0 0 0 -1 0 1 2 1 0 0 0/0 22:46 4:22 0:00
Jack Johnson 0 1 1 5 0 0 0 2 0 2 0/0 19:57 0:00 4:43
Jacob Slavin 0 0 0 -1 0 2 3 0 0 2 0/0 26:51 4:22 2:37
Jean-Gabriel Pageau 0 1 1 2 0 1 0 0 0 0 10/24 20:53 3:57 2:30
Joseph Blandisi 0 0 0 0 0 0 1 0 0 0 0/0 8:25 0:00 0:00
Kyle Clifford 0 2 2 2 0 5 1 2 0 0 0/1 19:43 3:57 2:30
Nick Cousins 1 0 1 1 0 1 0 1 1 0 0/0 16:12 3:59 0:00
Patric Hornqvist 3 0 3 2 2 3 1 1 0 1 0/1 16:51 0:00 4:20
Rickard Rakell 0 1 1 1 4 1 1 1 0 0 1/3 18:09 3:57 0:23
Ryan Hartman 0 0 0 0 0 1 1 1 0 0 0/0 8:25 0:00 0:00
Ryan O'Reilly 0 1 1 0 0 1 2 0 0 0 3/7 16:18 0:00 4:43
Stefan Elliott 0 0 0 0 0 0 3 2 0 1 0/0 15:30 3:34 0:00
Vladislav Gavrikov 0 0 0 1 0 1 3 1 0 0 0/0 17:32 0:00 4:43
Players Stats for Blues
Player Name G A P +/- PIM S H SB GA TA FO MP PP MP PK MP
------------------------------------------------------------------------------------
Cody Ceci 0 0 0 -1 0 0 2 1 0 2 0/0 22:16 0:00 4:25
David Perron 0 0 0 1 2 1 3 0 0 0 0/0 14:12 2:22 1:01
Dominik Simon 0 0 0 0 0 1 1 0 1 0 0/1 8:29 0:02 0:33
Drew Shore 0 0 0 -1 0 1 0 0 1 0 6/11 12:36 0:00 3:42
Ethan Bear 0 1 1 -1 0 0 0 1 0 0 0/0 14:58 5:28 0:00
Filip Forsberg 1 1 2 -2 2 4 2 0 0 0 0/0 21:16 4:56 1:06
Jordan Kyrou 0 0 0 -1 0 1 0 1 1 0 0/1 15:30 4:41 0:00
Josh Morrissey 0 0 0 -2 0 0 1 0 0 0 0/0 20:25 1:52 3:00
Jujhar Khaira 0 0 0 -1 0 4 0 1 0 0 0/1 15:56 0:00 3:53
Ladislav Smid 0 0 0 0 0 0 1 0 0 0 0/0 16:26 0:00 4:56
Luke Glendening 0 0 0 -1 0 0 0 0 0 0 0/1 11:12 0:02 2:29
Nathan MacKinnon 0 1 1 -2 2 3 2 0 1 0 19/27 20:28 4:56 0:39
Nick Schmaltz 0 0 0 -2 0 0 2 0 0 0 0/0 13:40 0:17 0:00
Nikolaj Ehlers 1 0 1 -2 0 3 1 0 1 0 0/0 17:15 2:22 0:00
Sean Monahan 0 1 1 -1 0 1 2 0 0 1 7/13 18:03 2:22 2:29
Seth Jones 2 0 2 -2 0 7 1 1 2 1 0/0 28:47 5:28 3:00
Travis Sanheim 0 2 2 -1 0 0 1 1 0 1 0/0 20:35 1:52 0:31
Vincent Trocheck 0 0 0 1 2 2 1 0 0 0 0/2 10:17 0:00 0:00
3 Stars
1 - Patric Hornqvist (Col)
2 - Jack Johnson (Col)
3 - Kyle Clifford (Col)
Power Play
Avalanche - 0 on 4 Attempt(s) - 0.00%
Blues - 3 on 6 Attempt(s) - 50.00%
Penalty Kill
Avalanche - 3 on 6 Attempt(s) - 50.00%
- Score 0 goal in Penalty Kill
Blues - 4 on 4 Attempt(s) - 100.00%
- Score 0 goal in Penalty Kill
Team Stat
Avalanche - Hits : 21 - Faceoff Wins : 25 - Blocked Shots : 13 - Penalty Minutes : 12
Blues - Hits : 20 - Faceoff Wins : 32 - Blocked Shots : 6 - Penalty Minutes : 8
Official
Referees : TJ Luxmore and Brad Meier
Linesman : Libor Suchanek and Derek Amell
Game Notes
Patric Hornqvist has scored a Hat Trick!
Finance
Level 1 -- Attendance: 6000 (100.00%) -- Ticket Income $600,000
Level 2 -- Attendance: 4648 (92.96%) -- Ticket Income $325,360
Level 3 -- Attendance: 2000 (100.00%) -- Ticket Income $80,000
Level 4 -- Attendance: 3680 (92.00%) -- Ticket Income $110,400
Luxury Box -- Attendance: 1000 (100.00%) -- Ticket Income $200,000
Game was played at the Enterprise Center.
Total Attendance: 17328 (96.27%)
Total Ticket Income: $1,315,760
Other Income: $197,364
Total Income: $1,513,124
Avalanche
5 vs 5 Forward
Center Left Wing Right Wing Time % Phy DF OF
1 Jean-Gabriel Pageau Andrei Kuzmenko Rickard Rakell 31 1 2 2
2 Bryan Little Kyle Clifford Nick Cousins 31 1 2 2
3 Ryan O'Reilly Anthony Duclair Patric Hornqvist 27 1 2 2
4 Drake Caggiula Joseph Blandisi Ryan Hartman 11 1 2 2
5 vs 5 Defense
Defense Defense Time % Phy DF OF
1 Erik Karlsson Jacob Slavin 38 1 2 2
2 Jack Johnson David Rundblad 30 1 2 2
3 Vladislav Gavrikov Stefan Elliott 28 1 2 2
4 Jack Johnson Jacob Slavin 4 1 2 2
PowerPlay Forward
Center Left Wing Right Wing Time % Phy DF OF
1 Jean-Gabriel Pageau Kyle Clifford Rickard Rakell 50 0 1 4
2 Bryan Little Andrei Kuzmenko Nick Cousins 50 0 1 4
PowerPlay Defense
Defense Defense Time % Phy DF OF
1 Jacob Slavin Erik Karlsson 50 0 2 3
2 Stefan Elliott David Rundblad 50 0 2 3
Penalty Kill 4 Players Forward
Center Wing Time % Phy DF OF
1 Jean-Gabriel Pageau Kyle Clifford 50 1 3 1
2 Ryan O'Reilly Patric Hornqvist 50 1 3 1
Penalty Kill 4 Players Defense
Defense Defense Time % Phy DF OF
1 Jacob Slavin David Rundblad 50 1 3 1
2 Jack Johnson Vladislav Gavrikov 50 1 3 1
Penalty Kill - 3 Players Forward
Forward Time % Phy DF OF
1 Kyle Clifford 55 1 4 0
2 Jean-Gabriel Pageau 45 1 4 0
Penalty Kill - 3 Players Defense
Defense Defense Time % Phy DF OF
1 Jacob Slavin David Rundblad 50 1 4 0
2 Jack Johnson Vladislav Gavrikov 50 1 4 0
4 vs 4 Forward
Center Wing Time % Phy DF OF
1 Jean-Gabriel Pageau Kyle Clifford 50 1 2 2
2 Ryan O'Reilly Andrei Kuzmenko 50 1 2 2
4 vs 4 Defense
Defense Defense Time % Phy DF OF
1 Jacob Slavin Vladislav Gavrikov 55 1 2 2
2 Jack Johnson David Rundblad 45 1 2 2
Last Minutes Offensive
Center Left Wing Right Wing Defense Defense
Jean-Gabriel Pageau Anthony Duclair Patric Hornqvist Erik Karlsson Jacob Slavin
Last Minutes Defensive
Center Left Wing Right Wing Defense Defense
Jean-Gabriel Pageau Kyle Clifford Rickard Rakell Jacob Slavin Jack Johnson
Goaltenders
Starting : Robin Lehner
Backup : Semyon Varlamov
Extra Forwards
Normal : Drake Caggiula, Joseph Blandisi, Ryan Hartman - PP : Anthony Duclair, Ryan O'Reilly - PK : Rickard Rakell
Extra Defensemen
Normal : Vladislav Gavrikov, Stefan Elliott, David Rundblad - PP : Vladislav Gavrikov - PK : Stefan Elliott, Erik Karlsson
Penalty Shots
Andrei Kuzmenko, Anthony Duclair, Bryan Little, Patric Hornqvist, Kyle Clifford
Custom OT Lines Forwards
Kyle Clifford, Jean-Gabriel Pageau, Bryan Little, Patric Hornqvist, Rickard Rakell, Ryan O'Reilly, Andrei Kuzmenko, Nick Cousins, Ryan Hartman, Anthony Duclair
Custom OT Lines Defensemen
Jacob Slavin, Erik Karlsson, Jack Johnson, David Rundblad, Stefan Elliott
Scratches
Jarred Tinordi (Healthy), Luke Witkowski (Healthy)
Blues
5 vs 5 Forward
Center Left Wing Right Wing Time % Phy DF OF
1 Nathan MacKinnon Filip Forsberg Nikolaj Ehlers 40 0 2 3
2 Sean Monahan Jujhar Khaira Nick Schmaltz 30 0 2 3
3 Vincent Trocheck David Perron Jordan Kyrou 20 1 2 2
4 Drew Shore Dominik Simon Luke Glendening 10 0 3 2
5 vs 5 Defense
Defense Defense Time % Phy DF OF
1 Seth Jones Travis Sanheim 40 1 2 2
2 Josh Morrissey Cody Ceci 30 1 2 2
3 Ethan Bear Ladislav Smid 20 1 2 2
4 Ladislav Smid Cody Ceci 10 1 2 2
PowerPlay Forward
Center Left Wing Right Wing Time % Phy DF OF
1 Nathan MacKinnon Filip Forsberg Jordan Kyrou 60 0 2 3
2 Sean Monahan David Perron Nikolaj Ehlers 40 0 2 3
PowerPlay Defense
Defense Defense Time % Phy DF OF
1 Seth Jones Ethan Bear 60 0 2 3
2 Josh Morrissey Travis Sanheim 40 0 2 3
Penalty Kill 4 Players Forward
Center Wing Time % Phy DF OF
1 Drew Shore Jujhar Khaira 60 1 3 1
2 Sean Monahan Luke Glendening 40 1 3 1
Penalty Kill 4 Players Defense
Defense Defense Time % Phy DF OF
1 Ladislav Smid Cody Ceci 60 1 2 2
2 Josh Morrissey Seth Jones 40 1 2 2
Penalty Kill - 3 Players Forward
Forward Time % Phy DF OF
1 Drew Shore 60 1 2 2
2 Sean Monahan 40 1 2 2
Penalty Kill - 3 Players Defense
Defense Defense Time % Phy DF OF
1 Cody Ceci Ladislav Smid 60 1 2 2
2 Seth Jones Josh Morrissey 40 1 2 2
4 vs 4 Forward
Center Wing Time % Phy DF OF
1 Nathan MacKinnon Filip Forsberg 60 1 2 2
2 Sean Monahan Nikolaj Ehlers 40 1 2 2
4 vs 4 Defense
Defense Defense Time % Phy DF OF
1 Seth Jones Ladislav Smid 60 1 2 2
2 Cody Ceci Josh Morrissey 40 1 2 2
Last Minutes Offensive
Center Left Wing Right Wing Defense Defense
Nathan MacKinnon Filip Forsberg Nikolaj Ehlers Seth Jones Travis Sanheim
Last Minutes Defensive
Center Left Wing Right Wing Defense Defense
Drew Shore Jujhar Khaira Luke Glendening Ladislav Smid Cody Ceci
Goaltenders
Starting : Carey Price
Backup : Jake Oettinger
Extra Forwards
Normal : Jordan Kyrou, Nikolaj Ehlers, Drew Shore - PP : David Perron, Nick Schmaltz - PK : Filip Forsberg
Extra Defensemen
Normal : Cody Ceci, Travis Sanheim, Seth Jones - PP : Cody Ceci - PK : Seth Jones, Travis Sanheim
Penalty Shots
Jordan Kyrou, David Perron, Sean Monahan, Filip Forsberg, Vincent Trocheck
Custom OT Lines Forwards
Filip Forsberg, Nathan MacKinnon, Nick Schmaltz, Nikolaj Ehlers, David Perron, Sean Monahan, Vincent Trocheck, Jujhar Khaira, Drew Shore, Luke Glendening
Custom OT Lines Defensemen
Seth Jones, Josh Morrissey, Travis Sanheim, Cody Ceci, Ladislav Smid
Scratches
Petter Granberg (Healthy), Teuvo Teravainen (Right Leg Injury)
% Time on Ice - Avalanche
Lines # - Real PCT - Wanted PCT - Time Play
Normal Forward
1 - 29% - 31% - 12:35
2 - 29% - 31% - 12:47
3 - 23% - 27% - 10:20
4 - 19% - 11% - 8:25
Normal Defense
1 - 40% - 38% - 17:31
2 - 30% - 30% - 13:09
3 - 29% - 28% - 12:39
4 - 2% - 4% - 0:48
PP Forward
1 - 50% - 50% - 3:57
2 - 50% - 50% - 3:59
PP Defense
1 - 55% - 50% - 4:22
2 - 45% - 50% - 3:34
PK Forward
1 - 34% - 50% - 2:30
2 - 66% - 50% - 4:50
PK Defense
1 - 36% - 50% - 2:37
2 - 64% - 50% - 4:43
PK3 Forward
1 - 0% - 55%
2 - 0% - 45%
PK3 Defense
1 - 0% - 50%
2 - 0% - 50%
44 Forward
1 - 0% - 50%
2 - 0% - 50%
44 Defense
1 - 0% - 55%
2 - 0% - 45%
Last Minute Offensive - 0:37
Last Minute Defensive - 0:00
Total
Forward - 60:00
Defense - 60:00
|
% Time on Ice - Blues
Lines # - Real PCT - Wanted PCT - Time Play
Normal Forward
1 - 32% - 40% - 14:09
2 - 28% - 30% - 12:21
3 - 22% - 20% - 9:47
4 - 18% - 10% - 7:53
Normal Defense
1 - 40% - 40% - 17:45
2 - 33% - 30% - 14:25
3 - 20% - 20% - 8:58
4 - 7% - 10% - 3:02
PP Forward
1 - 68% - 60% - 4:58
2 - 32% - 40% - 2:22
PP Defense
1 - 75% - 60% - 5:28
2 - 25% - 40% - 1:52
PK Forward
1 - 69% - 60% - 5:27
2 - 31% - 40% - 2:29
PK Defense
1 - 62% - 60% - 4:56
2 - 38% - 40% - 3:00
PK3 Forward
1 - 0% - 60%
2 - 0% - 40%
PK3 Defense
1 - 0% - 60%
2 - 0% - 40%
44 Forward
1 - 0% - 60%
2 - 0% - 40%
44 Defense
1 - 0% - 60%
2 - 0% - 40%
Last Minute Offensive - 0:00
Last Minute Defensive - 0:34
Total
Forward - 60:00
Defense - 60:00
|
Play-by-Play
1st period
0:01 of 1st period - Nathan MacKinnon wins face-off versus Jean-Gabriel Pageau in neutral zone.
0:23 of 1st period - Icing by Jacob Slavin.
0:24 of 1st period - Bryan Little wins face-off versus Sean Monahan in Avalanche zone.
0:29 of 1st period - Nick Schmaltz is hit by Jacob Slavin and loses puck.
0:36 of 1st period - Erik Karlsson is hit by Josh Morrissey and loses puck.
0:51 of 1st period - Josh Morrissey is hit by Ryan O'Reilly and loses puck.
1:21 of 1st period - Minor Penalty to Andrei Kuzmenko for Tripping.
1:22 of 1st period - Nathan MacKinnon wins face-off versus Jean-Gabriel Pageau in Avalanche zone.
1:34 of 1st period - Slapshot by Nathan MacKinnon.
1:34 of 1st period - Shot Blocked by Vladislav Gavrikov.
2:05 of 1st period - Backhand shot by Patric Hornqvist.
2:05 of 1st period - Shot Blocked by Jordan Kyrou.
3:16 of 1st period - Icing by Nick Schmaltz.
3:17 of 1st period - Ryan O'Reilly wins face-off versus Nathan MacKinnon in Blues zone.
3:21 of 1st period - Penalty to Andrei Kuzmenko is over, Andrei Kuzmenko is back on ice.
4:07 of 1st period - Snap shot by Nikolaj Ehlers.
4:07 of 1st period - Shot Blocked by Stefan Elliott.
4:15 of 1st period - Icing by Filip Forsberg.
4:16 of 1st period - Nathan MacKinnon wins face-off versus Jean-Gabriel Pageau in Blues zone.
4:23 of 1st period - Snap shot by Andrei Kuzmenko.
4:23 of 1st period - Goal by Andrei Kuzmenko - Avalanche : 1 - Blues : 0.
4:24 of 1st period - Nathan MacKinnon wins face-off versus Ryan O'Reilly in neutral zone.
4:29 of 1st period - Wrist shot by Filip Forsberg.
4:29 of 1st period - Shot Blocked by Jack Johnson.
4:31 of 1st period - Snap shot by Nathan MacKinnon.
4:31 of 1st period - Shot Blocked by Patric Hornqvist.
4:33 of 1st period - Snap shot by Nikolaj Ehlers.
4:33 of 1st period - Stopped by Robin Lehner with a rebound.
4:37 of 1st period - Snap shot by Filip Forsberg.
4:37 of 1st period - Stopped by Robin Lehner without a rebound.
4:38 of 1st period - Nathan MacKinnon wins face-off versus Andrei Kuzmenko in Avalanche zone.
4:49 of 1st period - Rickard Rakell is hit by Filip Forsberg and loses puck.
5:04 of 1st period - Ryan O'Reilly is hit by Nick Schmaltz and loses puck.
5:25 of 1st period - Jacob Slavin is hit by David Perron.
5:32 of 1st period - Minor Penalty to David Perron for Tripping.
5:33 of 1st period - Drew Shore wins face-off versus Jean-Gabriel Pageau in Blues zone.
5:48 of 1st period - Wrist shot by Kyle Clifford.
5:48 of 1st period - Shot Misses the Net.
5:50 of 1st period - Snap shot by Rickard Rakell.
5:50 of 1st period - Stopped by Carey Price with a rebound.
7:32 of 1st period - Penalty to David Perron is over, David Perron is back on ice.
8:15 of 1st period - Nick Schmaltz is hit by Vladislav Gavrikov and loses puck.
8:22 of 1st period - Patric Hornqvist is hit by Sean Monahan and loses puck.
8:43 of 1st period - Jack Johnson is hit by Vincent Trocheck and loses puck.
9:24 of 1st period - Ladislav Smid is hit by Stefan Elliott and loses puck.
9:42 of 1st period - Ryan Hartman is hit by David Perron and loses puck.
9:49 of 1st period - Slapshot by Erik Karlsson.
9:49 of 1st period - Deflect By Joseph Blandisi.
9:49 of 1st period - Shot Blocked by Ethan Bear.
9:49 of 1st period - Puck is out of play.
9:50 of 1st period - Sean Monahan wins face-off versus Jean-Gabriel Pageau in Blues zone.
9:55 of 1st period - Backhand shot by Sean Monahan.
9:55 of 1st period - Shot Blocked by Rickard Rakell.
10:22 of 1st period - Slapshot by David Rundblad.
10:22 of 1st period - Shot Misses the Net.
10:24 of 1st period - Slapshot by David Rundblad.
10:24 of 1st period - Deflect By Filip Forsberg.
10:24 of 1st period - Stopped by Carey Price with a rebound.
10:46 of 1st period - Ryan O'Reilly is hit by David Perron.
11:29 of 1st period - Off-side.
11:30 of 1st period - Nathan MacKinnon wins face-off versus Kyle Clifford in neutral zone.
11:37 of 1st period - Wrist shot by Filip Forsberg.
11:37 of 1st period - Stopped by Robin Lehner without a rebound.
11:38 of 1st period - Nathan MacKinnon wins face-off versus Bryan Little in Avalanche zone.
12:03 of 1st period - Seth Jones is hit by Kyle Clifford.
12:11 of 1st period - Slapshot by Kyle Clifford.
12:11 of 1st period - Stopped by Carey Price with a rebound.
12:13 of 1st period - Wrist shot by Kyle Clifford.
12:13 of 1st period - Stopped by Carey Price with a rebound.
12:25 of 1st period - Snap shot by Kyle Clifford.
12:25 of 1st period - Deflect By Bryan Little.
12:25 of 1st period - Stopped by Carey Price without a rebound.
12:26 of 1st period - Sean Monahan wins face-off versus Jean-Gabriel Pageau in Blues zone.
12:39 of 1st period - Wrist shot by Nick Schmaltz.
12:39 of 1st period - Shot Misses the Net.
12:41 of 1st period - Snap shot by Jujhar Khaira.
12:41 of 1st period - Stopped by Robin Lehner with a rebound.
12:43 of 1st period - Slapshot by Seth Jones.
12:43 of 1st period - Stopped by Robin Lehner with a rebound.
13:02 of 1st period - Backhand shot by Rickard Rakell.
13:02 of 1st period - Deflect By Andrei Kuzmenko.
13:02 of 1st period - Shot Misses the Net.
13:02 of 1st period - Puck is out of play.
13:03 of 1st period - Sean Monahan wins face-off versus Ryan O'Reilly in Blues zone.
14:41 of 1st period - Snap shot by Ryan O'Reilly.
14:41 of 1st period - Shot Misses the Net.
14:43 of 1st period - Snap shot by Ryan O'Reilly.
14:43 of 1st period - Shot Hit the Post.
14:45 of 1st period - Snap shot by Ryan O'Reilly.
14:45 of 1st period - Shot Blocked by Travis Sanheim.
14:59 of 1st period - Wrist shot by Nikolaj Ehlers.
14:59 of 1st period - Deflect By Nathan MacKinnon.
14:59 of 1st period - Stopped by Robin Lehner with a rebound.
15:19 of 1st period - Slapshot by Seth Jones.
15:19 of 1st period - Stopped by Robin Lehner with a rebound.
15:39 of 1st period - Snap shot by Nick Schmaltz.
15:39 of 1st period - Shot Misses the Net.
15:59 of 1st period - Slapshot by Jacob Slavin.
15:59 of 1st period - Stopped by Carey Price without a rebound.
16:00 of 1st period - Bryan Little wins face-off versus Nathan MacKinnon in Blues zone.
16:43 of 1st period - Jean-Gabriel Pageau is hit by Nick Schmaltz and loses puck.
17:02 of 1st period - Snap shot by David Perron.
17:02 of 1st period - Stopped by Robin Lehner without a rebound.
17:03 of 1st period - Anthony Duclair wins face-off versus Vincent Trocheck in Avalanche zone.
17:20 of 1st period - David Perron is hit by Patric Hornqvist and loses puck.
17:55 of 1st period - Snap shot by Kyle Clifford.
17:55 of 1st period - Stopped by Carey Price without a rebound.
17:56 of 1st period - Sean Monahan wins face-off versus Bryan Little in Blues zone.
18:23 of 1st period - Snap shot by Filip Forsberg.
18:23 of 1st period - Shot Misses the Net.
19:51 of 1st period - Wrist shot by Ryan O'Reilly.
19:51 of 1st period - Stopped by Carey Price with a rebound.
19:56 of 1st period - Off-side.
19:57 of 1st period - Bryan Little wins face-off versus Sean Monahan in neutral zone.
Goals for this period are 1 for Avalanche vs 0 for Blues.
Shots for this period are 9 for Avalanche vs 8 for Blues.
2nd period
0:01 of 2nd period - Bryan Little wins face-off versus Nathan MacKinnon in neutral zone.
0:10 of 2nd period - Nick Cousins is hit by Filip Forsberg and loses puck.
0:16 of 2nd period - Icing by Bryan Little.
0:17 of 2nd period - Sean Monahan wins face-off versus Bryan Little in Avalanche zone.
0:26 of 2nd period - Snap shot by Sean Monahan.
0:26 of 2nd period - Shot Blocked by Kyle Clifford.
0:34 of 2nd period - Wrist shot by Kyle Clifford.
0:34 of 2nd period - Stopped by Carey Price without a rebound.
0:35 of 2nd period - Nathan MacKinnon wins face-off versus Jean-Gabriel Pageau in Blues zone.
1:41 of 2nd period - Slapshot by Jack Johnson.
1:41 of 2nd period - Shot Hit the Post.
1:47 of 2nd period - Drake Caggiula is hit by Ladislav Smid and loses puck.
2:28 of 2nd period - Wrist shot by Sean Monahan.
2:28 of 2nd period - Shot Misses the Net.
2:46 of 2nd period - Jordan Kyrou is hit by Jacob Slavin and loses puck.
3:38 of 2nd period - Slapshot by Filip Forsberg.
3:38 of 2nd period - Deflect By Rickard Rakell.
3:38 of 2nd period - Stopped by Robin Lehner with a rebound.
3:40 of 2nd period - Snap shot by Nikolaj Ehlers.
3:40 of 2nd period - Shot Misses the Net.
3:42 of 2nd period - Snap shot by Nikolaj Ehlers.
3:42 of 2nd period - Shot Misses the Net.
4:02 of 2nd period - Wrist shot by Sean Monahan.
4:02 of 2nd period - Stopped by Robin Lehner with a rebound.
4:33 of 2nd period - Minor Penalty to Vincent Trocheck for Roughing.
4:34 of 2nd period - Drew Shore wins face-off versus Bryan Little in Blues zone.
4:40 of 2nd period - Icing by Jacob Slavin.
4:41 of 2nd period - Drew Shore wins face-off versus Bryan Little in Avalanche zone.
4:52 of 2nd period - Snap shot by Jujhar Khaira.
4:52 of 2nd period - Shot Blocked by Erik Karlsson.
4:57 of 2nd period - Off-side.
4:58 of 2nd period - Drew Shore wins face-off versus Jean-Gabriel Pageau in neutral zone.
5:11 of 2nd period - Wrist shot by Jujhar Khaira.
5:11 of 2nd period - Stopped by Robin Lehner without a rebound.
5:12 of 2nd period - Drew Shore wins face-off versus Bryan Little in Avalanche zone.
5:13 of 2nd period - Backhand shot by Jujhar Khaira.
5:13 of 2nd period - Stopped by Robin Lehner with a rebound.
5:27 of 2nd period - Cody Ceci is hit by Erik Karlsson and loses puck.
5:38 of 2nd period - Kyle Clifford is hit by Cody Ceci and loses puck.
5:42 of 2nd period - Icing by Rickard Rakell.
5:43 of 2nd period - Jean-Gabriel Pageau wins face-off versus Sean Monahan in Avalanche zone.
6:33 of 2nd period - Penalty to Vincent Trocheck is over, Vincent Trocheck is back on ice.
6:45 of 2nd period - Wrist shot by Kyle Clifford.
6:45 of 2nd period - Stopped by Carey Price without a rebound.
6:46 of 2nd period - Ryan O'Reilly wins face-off versus Nathan MacKinnon in Blues zone.
7:01 of 2nd period - Snap shot by Nathan MacKinnon.
7:01 of 2nd period - Shot Misses the Net.
7:13 of 2nd period - Jordan Kyrou is hit by Vladislav Gavrikov and loses puck.
7:44 of 2nd period - Patric Hornqvist is hit by Nikolaj Ehlers and loses puck.
8:51 of 2nd period - Snap shot by Anthony Duclair.
8:51 of 2nd period - Shot Blocked by Seth Jones.
9:05 of 2nd period - Slapshot by Dominik Simon.
9:05 of 2nd period - Stopped by Robin Lehner with a rebound.
9:07 of 2nd period - Snap shot by Dominik Simon.
9:07 of 2nd period - Shot Misses the Net.
9:21 of 2nd period - David Perron is hit by Vladislav Gavrikov.
9:29 of 2nd period - Wrist shot by Ryan Hartman.
9:29 of 2nd period - Stopped by Carey Price with a rebound.
9:54 of 2nd period - Snap shot by Sean Monahan.
9:54 of 2nd period - Shot Misses the Net.
10:22 of 2nd period - Snap shot by Nikolaj Ehlers.
10:22 of 2nd period - Shot Blocked by Ryan Hartman.
10:24 of 2nd period - Snap shot by Nikolaj Ehlers.
10:24 of 2nd period - Shot Misses the Net.
10:42 of 2nd period - Snap shot by Andrei Kuzmenko.
10:42 of 2nd period - Stopped by Carey Price with a rebound.
11:03 of 2nd period - Minor Penalty to Bryan Little for Hooking.
11:04 of 2nd period - Nathan MacKinnon wins face-off versus Ryan O'Reilly in Avalanche zone.
11:12 of 2nd period - Slapshot by Seth Jones.
11:12 of 2nd period - Stopped by Robin Lehner without a rebound.
11:13 of 2nd period - Nathan MacKinnon wins face-off versus Ryan O'Reilly in Avalanche zone.
11:16 of 2nd period - Wrist shot by Seth Jones.
11:16 of 2nd period - Stopped by Robin Lehner with a rebound.
11:18 of 2nd period - Snap shot by Jordan Kyrou.
11:18 of 2nd period - Stopped by Robin Lehner with a rebound.
11:38 of 2nd period - Slapshot by Seth Jones.
11:38 of 2nd period - Shot Blocked by Jack Johnson.
11:40 of 2nd period - Slapshot by Ethan Bear.
11:40 of 2nd period - Shot Misses the Net.
11:42 of 2nd period - Snap shot by Seth Jones.
11:42 of 2nd period - Goal by Seth Jones - Avalanche : 1 - Blues : 1.
11:43 of 2nd period - Nathan MacKinnon wins face-off versus Bryan Little in neutral zone.
12:34 of 2nd period - Slapshot by Seth Jones.
12:34 of 2nd period - Goal by Seth Jones - Avalanche : 1 - Blues : 2.
12:35 of 2nd period - Nathan MacKinnon wins face-off versus Jean-Gabriel Pageau in neutral zone.
14:11 of 2nd period - Icing by Jean-Gabriel Pageau.
14:12 of 2nd period - Jean-Gabriel Pageau wins face-off versus Drew Shore in Avalanche zone.
14:17 of 2nd period - Slapshot by Jacob Slavin.
14:17 of 2nd period - Deflect By Jean-Gabriel Pageau.
14:17 of 2nd period - Stopped by Carey Price without a rebound.
14:18 of 2nd period - Bryan Little wins face-off versus Nathan MacKinnon in Blues zone.
14:45 of 2nd period - Rickard Rakell is hit by Cody Ceci and loses puck.
15:11 of 2nd period - Ladislav Smid is hit by David Rundblad and loses puck.
15:42 of 2nd period - Nathan MacKinnon is hit by Joseph Blandisi and loses puck.
16:20 of 2nd period - Wrist shot by David Perron.
16:20 of 2nd period - Shot Misses the Net.
16:22 of 2nd period - Snap shot by David Perron.
16:22 of 2nd period - Deflect By Vincent Trocheck.
16:22 of 2nd period - Stopped by Robin Lehner with a rebound.
16:24 of 2nd period - Slapshot by Seth Jones.
16:24 of 2nd period - Deflect By David Perron.
16:24 of 2nd period - Shot Blocked by Kyle Clifford.
16:24 of 2nd period - Puck is out of play.
16:25 of 2nd period - Rickard Rakell wins face-off versus Vincent Trocheck in Avalanche zone.
16:27 of 2nd period - Minor Penalty to Rickard Rakell for Holding.
16:28 of 2nd period - Nathan MacKinnon wins face-off versus Jean-Gabriel Pageau in Avalanche zone.
16:32 of 2nd period - Snap shot by Filip Forsberg.
16:32 of 2nd period - Shot Misses the Net.
16:34 of 2nd period - Snap shot by Filip Forsberg.
16:34 of 2nd period - Goal by Filip Forsberg - Avalanche : 1 - Blues : 3.
16:35 of 2nd period - Nathan MacKinnon wins face-off versus Jean-Gabriel Pageau in neutral zone.
16:40 of 2nd period - Snap shot by Nikolaj Ehlers.
16:40 of 2nd period - Stopped by Robin Lehner with a rebound.
17:02 of 2nd period - Jack Johnson is hit by Travis Sanheim and loses puck.
17:44 of 2nd period - Icing by Erik Karlsson.
17:45 of 2nd period - Drake Caggiula wins face-off versus Drew Shore in Avalanche zone.
17:47 of 2nd period - Icing by Erik Karlsson.
17:48 of 2nd period - Drew Shore wins face-off versus Jean-Gabriel Pageau in Avalanche zone.
17:53 of 2nd period - Slapshot by Dominik Simon.
17:53 of 2nd period - Shot Misses the Net.
18:11 of 2nd period - Wrist shot by Drew Shore.
18:11 of 2nd period - Stopped by Robin Lehner without a rebound.
18:12 of 2nd period - Nathan MacKinnon wins face-off versus Patric Hornqvist in Avalanche zone.
18:31 of 2nd period - Nathan MacKinnon is hit by Anthony Duclair.
19:11 of 2nd period - Ladislav Smid is hit by Stefan Elliott and loses puck.
19:26 of 2nd period - Nick Cousins is hit by Dominik Simon and loses puck.
19:47 of 2nd period - Ladislav Smid is hit by Ryan Hartman.
Goals for this period are 0 for Avalanche vs 3 for Blues.
Shots for this period are 5 for Avalanche vs 14 for Blues.
3rd period
0:01 of 3rd period - Nathan MacKinnon wins face-off versus Jean-Gabriel Pageau in neutral zone.
0:16 of 3rd period - Wrist shot by Filip Forsberg.
0:16 of 3rd period - Shot Misses the Net.
0:24 of 3rd period - Minor Penalty to Nathan MacKinnon for Hooking.
0:25 of 3rd period - Bryan Little wins face-off versus Drew Shore in Blues zone.
0:50 of 3rd period - Drew Shore is hit by Rickard Rakell and loses puck.
0:55 of 3rd period - Slapshot by Kyle Clifford.
0:55 of 3rd period - Shot Misses the Net.
0:57 of 3rd period - Slapshot by Erik Karlsson.
0:57 of 3rd period - Stopped by Carey Price with a rebound.
1:03 of 3rd period - Slapshot by Rickard Rakell.
1:03 of 3rd period - Shot Blocked by Jujhar Khaira.
2:24 of 3rd period - Penalty to Nathan MacKinnon is over, Nathan MacKinnon is back on ice.
2:32 of 3rd period - Minor Penalty to Patric Hornqvist for Tripping.
2:33 of 3rd period - Jean-Gabriel Pageau wins face-off versus Jordan Kyrou in Avalanche zone.
3:03 of 3rd period - Wrist shot by Vladislav Gavrikov.
3:03 of 3rd period - Stopped by Carey Price without a rebound.
3:04 of 3rd period - Sean Monahan wins face-off versus Rickard Rakell in Blues zone.
3:09 of 3rd period - Snap shot by Nikolaj Ehlers.
3:09 of 3rd period - Goal by Nikolaj Ehlers - Avalanche : 1 - Blues : 4.
3:10 of 3rd period - Nathan MacKinnon wins face-off versus Bryan Little in neutral zone.
3:19 of 3rd period - Slapshot by Nathan MacKinnon.
3:19 of 3rd period - Shot Blocked by Nick Cousins.
3:23 of 3rd period - Wrist shot by Nathan MacKinnon.
3:23 of 3rd period - Stopped by Robin Lehner without a rebound.
3:24 of 3rd period - Jean-Gabriel Pageau wins face-off versus Nathan MacKinnon in Avalanche zone.
3:24 of 3rd period - Jean-Gabriel Pageau is hit by Nathan MacKinnon.
3:41 of 3rd period - Minor Penalty to Rickard Rakell for Tripping.
3:42 of 3rd period - Jean-Gabriel Pageau wins face-off versus Nathan MacKinnon in Avalanche zone.
3:46 of 3rd period - Seth Jones is hit by Jacob Slavin and loses puck.
3:55 of 3rd period - Wrist shot by Nathan MacKinnon.
3:55 of 3rd period - Shot Misses the Net.
3:57 of 3rd period - Backhand shot by Ethan Bear.
3:57 of 3rd period - Shot Misses the Net.
3:59 of 3rd period - Slapshot by Ethan Bear.
3:59 of 3rd period - Deflect By Nathan MacKinnon.
3:59 of 3rd period - Stopped by Robin Lehner with a rebound.
4:09 of 3rd period - Patric Hornqvist is hit by Sean Monahan and loses puck.
5:41 of 3rd period - Penalty to Rickard Rakell is over, Rickard Rakell is back on ice.
6:17 of 3rd period - Snap shot by Drake Caggiula.
6:17 of 3rd period - Stopped by Carey Price without a rebound.
6:18 of 3rd period - Drake Caggiula wins face-off versus Drew Shore in Blues zone.
6:45 of 3rd period - Nikolaj Ehlers is hit by Stefan Elliott and loses puck.
7:13 of 3rd period - Ladislav Smid is hit by Erik Karlsson and loses puck.
7:18 of 3rd period - Snap shot by Patric Hornqvist.
7:18 of 3rd period - Shot Misses the Net.
7:30 of 3rd period - Backhand shot by Jujhar Khaira.
7:30 of 3rd period - Stopped by Robin Lehner without a rebound.
7:31 of 3rd period - Sean Monahan wins face-off versus Bryan Little in Avalanche zone.
7:48 of 3rd period - Snap shot by Jujhar Khaira.
7:48 of 3rd period - Shot Misses the Net.
8:08 of 3rd period - Slapshot by Bryan Little.
8:08 of 3rd period - Shot Hit the Post.
8:16 of 3rd period - Snap shot by Bryan Little.
8:16 of 3rd period - Stopped by Carey Price with a rebound.
8:20 of 3rd period - Snap shot by Bryan Little.
8:20 of 3rd period - Stopped by Carey Price with a rebound.
8:22 of 3rd period - Wrist shot by Nick Cousins.
8:22 of 3rd period - Goal by Nick Cousins - Avalanche : 2 - Blues : 4.
8:23 of 3rd period - Nathan MacKinnon wins face-off versus Rickard Rakell in neutral zone.
8:49 of 3rd period - Jordan Kyrou is hit by Ryan O'Reilly and loses puck.
9:16 of 3rd period - Snap shot by Dominik Simon.
9:16 of 3rd period - Shot Blocked by Drake Caggiula.
9:18 of 3rd period - Minor Penalty to Drake Caggiula for Slashing.
9:19 of 3rd period - Jean-Gabriel Pageau wins face-off versus Nathan MacKinnon in Avalanche zone.
9:34 of 3rd period - Snap shot by Nathan MacKinnon.
9:34 of 3rd period - Shot Misses the Net.
9:36 of 3rd period - Slapshot by Ethan Bear.
9:36 of 3rd period - Deflect By Nathan MacKinnon.
9:36 of 3rd period - Shot Misses the Net.
9:36 of 3rd period - Puck is out of play.
9:37 of 3rd period - Jean-Gabriel Pageau wins face-off versus Sean Monahan in Avalanche zone.
10:38 of 3rd period - Slapshot by Patric Hornqvist.
10:38 of 3rd period - Shot Misses the Net.
11:18 of 3rd period - Penalty to Drake Caggiula is over, Drake Caggiula is back on ice.
11:27 of 3rd period - Backhand shot by Ryan O'Reilly.
11:27 of 3rd period - Deflect By Patric Hornqvist.
11:27 of 3rd period - Goal by Patric Hornqvist - Avalanche : 3 - Blues : 4.
11:28 of 3rd period - Jean-Gabriel Pageau wins face-off versus Sean Monahan in neutral zone.
11:31 of 3rd period - Slapshot by Jacob Slavin.
11:31 of 3rd period - Deflect By Nick Schmaltz.
11:31 of 3rd period - Stopped by Carey Price with a rebound.
11:33 of 3rd period - Snap shot by Andrei Kuzmenko.
11:33 of 3rd period - Stopped by Carey Price without a rebound.
11:34 of 3rd period - Jean-Gabriel Pageau wins face-off versus Sean Monahan in Blues zone.
11:51 of 3rd period - Off-side.
11:52 of 3rd period - Bryan Little wins face-off versus Dominik Simon in neutral zone.
11:55 of 3rd period - Slapshot by Nick Cousins.
11:55 of 3rd period - Shot Misses the Net.
12:03 of 3rd period - Snap shot by Stefan Elliott.
12:03 of 3rd period - Shot Blocked by Cody Ceci.
13:11 of 3rd period - Wrist shot by Vincent Trocheck.
13:11 of 3rd period - Stopped by Robin Lehner with a rebound.
13:37 of 3rd period - Wrist shot by Drew Shore.
13:37 of 3rd period - Deflect By Luke Glendening.
13:37 of 3rd period - Shot Misses the Net.
13:37 of 3rd period - Puck is out of play.
13:38 of 3rd period - Ryan O'Reilly wins face-off versus Luke Glendening in Avalanche zone.
13:48 of 3rd period - Slapshot by Seth Jones.
13:48 of 3rd period - Stopped by Robin Lehner with a rebound.
14:35 of 3rd period - Minor Penalty to Filip Forsberg for Cross-checking.
14:36 of 3rd period - Bryan Little wins face-off versus Drew Shore in Blues zone.
14:44 of 3rd period - Wrist shot by Nick Cousins.
14:44 of 3rd period - Shot Misses the Net.
16:35 of 3rd period - Penalty to Filip Forsberg is over, Filip Forsberg is back on ice.
16:42 of 3rd period - Jujhar Khaira is hit by David Rundblad and loses puck.
17:23 of 3rd period - Drake Caggiula is hit by Nathan MacKinnon and loses puck.
17:28 of 3rd period - Wrist shot by Nikolaj Ehlers.
17:28 of 3rd period - Shot Blocked by Stefan Elliott.
18:59 of 3rd period - Avalanche, Robin Lehner is pulled from the net.
19:21 of 3rd period - Snap shot by Jean-Gabriel Pageau.
19:21 of 3rd period - Deflect By Patric Hornqvist.
19:21 of 3rd period - Goal by Patric Hornqvist - Avalanche : 4 - Blues : 4.
19:21 of 3rd period - Robin Lehner from Avalanche was sent back in the game.
19:22 of 3rd period - Jean-Gabriel Pageau wins face-off versus Jujhar Khaira in neutral zone.
Goals for this period are 3 for Avalanche vs 1 for Blues.
Shots for this period are 10 for Avalanche vs 6 for Blues.
Overtime #1
0:01 of 1st overtime period - Nathan MacKinnon wins face-off versus Jean-Gabriel Pageau in neutral zone.
2:30 of 1st overtime period - Jacob Slavin is hit by Seth Jones and loses puck.
3:27 of 1st overtime period - Wrist shot by Kyle Clifford.
3:27 of 1st overtime period - Deflect By Patric Hornqvist.
3:27 of 1st overtime period - Goal by Patric Hornqvist - Avalanche : 5 - Blues : 4.
Goals for this period are 1 for Avalanche vs 0 for Blues.
Shots for this period are 1 for Avalanche vs 0 for Blues.